 Dungeon Crawl Stone Soup version 0.19-a0-505-g8266cc7 (webtiles) character file.

3108 shmeve the Fighter (level 9, 0/85 HPs)
             Began as a Minotaur Berserker on June 5, 2016.
             Was an Elder of Trog.
             Succumbed to a killer bee's poison
             ... on level 7 of the Dungeon.
             The game lasted 00:15:27 (6186 turns).

shmeve the Fighter (Minotaur Berserker)             Turns: 6186, Time: 00:15:28

Health: 0/85       AC: 10    Str: 29    XL:     9   Next: 60%
Magic:  8/8        EV: 11    Int:  4    God:    Trog [****..]
Gold:   182        SH:  0    Dex: 11    Spells: 0 memorised, 8 levels left

rFire  . . .     SeeInvis .     z - +0 war axe
rCold  . . .     Gourm    .     p - +0 chain mail
rNeg   . . .     Faith    .     (no shield)
rPois  .         Spirit   .     (helmet restricted)
rElec  .         Dismiss  .     (no cloak)
rCorr  +         Reflect  .     (no gloves)
SustAt .         Harm     .     (no boots)
MR     ++...                    (no amulet)
Stlth  ..........               i - +5 ring of strength
                                r - ring of resist corrosion

@: lethally poisoned (0 -> -3), regenerating, drained, very resistant to hostile
enchantments, extremely unstealthy
A: retaliatory headbutt, horns 2
a: Berserk, Trog's Hand, Brothers in Arms, Burn Spellbooks, Renounce Religion


You were on level 7 of the Dungeon.
You worshipped Trog.
Trog was greatly pleased with you.
You were not hungry.

You visited 1 branch of the dungeon, and saw 7 of its levels.

You collected 242 gold pieces.
You spent 60 gold pieces at shops.

Inventory:

Hand Weapons
 z - a +0 war axe (weapon)
Armour
 p - a +0 chain mail (worn)
Jewellery
 i - a +5 ring of strength (right hand)
 r - a ring of resist corrosion (left hand)
Wands
 k - a wand of slowing (26/48)
Scrolls
 d - 5 scrolls of teleportation
 f - 4 scrolls of identify
 m - 2 scrolls of enchant armour {unknown}
 o - a scroll of magic mapping {unknown}
 q - 3 scrolls of recharging
 s - 2 scrolls of random uselessness {unknown}
 x - a scroll of enchant weapon {unknown}
Potions
 b - a potion of magic {unknown}
 e - a potion of cancellation {unknown}
 h - a potion of lignification {unknown}
 j - 2 potions of heal wounds
 l - a potion of degeneration {unknown}
 n - 5 potions of curing {unknown}
 u - a potion of mutation {unknown}
 v - a potion of ambrosia {unknown}
 w - a potion of flight {unknown}
Comestibles
 a - 2 chunks of flesh
 c - 4 bread rations
 g - 2 meat rations


   Skills:
 * Level 10.1(9.9) Fighting
 * Level 9.9(9.7) Axes
 + Level 6.9(6.7) Armour
 + Level 6.3(6.1) Dodging


You had 8 spell levels left.
You didn't know any spells.

Dungeon Overview and Level Annotations

Branches:
Dungeon (7/15)             Temple (0/1) D:5

Altars:
Dithmenos
Kikubaaqudgha
Makhleb
Nemelex Xobeh
Okawaru
Pakellas
Qazlal
Sif Muna
Xom
Yredelemnul

Shops:
D:4 %*!}


Innate Abilities, Weirdness & Mutations

You reflexively headbutt those who attack you in melee.
You have a pair of horns on your head.


Message History

* * * LOW HITPOINT WARNING * * *
You feel sick.
The killer bee stings you but does no damage.
The killer bee stings you.
* * * LOW HITPOINT WARNING * * *
Your skin crawls.
You feel resistant to hostile enchantments.
You feel quite a bit more hungry.
You feel sick.
The killer bee stings you but does no damage.
The killer bee barely misses you.
You slash the killer bee! Your headbutt misses the killer bee.
The killer bee is severely wounded.
You feel sick. The killer bee stings you.
* * * LOW HITPOINT WARNING * * *
You are more poisoned.
The killer bee poisons you! The killer bee stings you.
* * * LOW HITPOINT WARNING * * *
You closely miss the killer bee.
The killer bee is severely wounded.
You die...

# # # ######## ######
#### ...##.. #.#.. ..y
##.##.######.#.#####.##
....#.##.....#..@y....#
....'...........).†...#
....##.....#####)...#.#
....##...........##.# #
....##.....####..##.#
...###..........<...#
...########.##..#.###
...... ..... .. .......
...> ..


You could see a killer bee.

Vanquished Creatures
  Pikel (D:6)
  A two-headed ogre (D:6)
  Prince Ribbit (D:5)
  Sigmund (D:5)
  Eustachio (D:6)
  2 slaves (D:6)
  3 ogres
  An orc warrior (D:6)
  A centaur (D:6)
  Blork the orc (D:5)
  A giant frog (D:7)
  A jelly (D:5)
  3 scorpions
  5 killer bees (D:7)
  3 wights (D:7)
  3 crimson imps
  A giant frog skeleton (D:6)
  A giant frog zombie (D:5)
  9 orc wizards
  2 hounds
  2 orc priests (D:6)
  An iguana (D:7)
  3 worker ants
  A hound skeleton (D:6)
  3 gnolls (D:4)
  6 adders
  A shadow imp (D:5)
  An adder zombie (D:6)
  An adder skeleton (D:4)
  2 worms
  2 dart slugs
  5 giant geckos
  19 orcs
  5 giant cockroaches
  10 goblins
  9 hobgoblins
  14 jackals
  2 ball pythons
  8 bats
  7 giant newts
  A jackal zombie (D:6)
  11 kobolds
  10 rats
166 creatures vanquished.

Notes
Turn   | Place    | Note
--------------------------------------------------------------
     0 | D:1      | shmeve the Minotaur Berserker began the quest for the Orb.
     0 | D:1      | Reached XP level 1. HP: 19/19 MP: 0/0
    15 | D:1      | Reached XP level 2. HP: 4/27 MP: 1/1
   191 | D:1      | Reached skill level 4 in Fighting
   292 | D:1      | Reached ** piety under Trog
   308 | D:1      | Reached XP level 3. HP: 30/33 MP: 2/2
  1058 | D:2      | Found a basalt altar of Yredelemnul.
  1104 | D:2      | Reached XP level 4. HP: 41/41 MP: 3/3
  1873 | D:3      | Reached skill level 5 in Fighting
  2128 | D:3      | Reached XP level 5. HP: 48/48 MP: 4/4
  2197 | D:3      | Reached skill level 5 in Axes
  2267 | D:3      | Reached *** piety under Trog
  2365 | D:3      | Found a deep blue altar of Sif Muna.
  2379 | D:3      | Found an ancient bone altar of Kikubaaqudgha.
  2459 | D:3      | Found a shimmering altar of Xom.
  2558 | D:3      | Found a shadowy altar of Dithmenos.
  2769 | D:4      | Found Qoom's Distillery.
  2779 | D:4      | Reached XP level 6. HP: 37/56 MP: 5/5
  2805 | D:4      | Bought a potion of heal wounds for 60 gold pieces
  2816 | D:4      | Found Ynaifa Xarch's General Store.
  2836 | D:4      | Reached skill level 6 in Fighting
  3293 | D:4      | Found an oddly glowing altar of Pakellas.
  3293 | D:4      | Found Pakellas's Prime Provisions.
  3360 | D:4      | Found Juomuddu's Book Shoppe.
  3370 | D:4      | Found Wyah's Food Emporium.
  3460 | D:5      | Entered Level 5 of the Dungeon
  3476 | D:5      | Reached XP level 7. HP: 64/64 MP: 6/6
  3498 | D:5      | Found a staircase to the Ecumenical Temple.
  3514 | D:5      | Noticed Blork the orc
  3528 | D:5      | Killed Blork the orc
  3578 | D:5      | Reached skill level 7 in Fighting
  3837 | D:5      | Noticed Prince Ribbit
  3865 | D:5      | Reached **** piety under Trog
  4035 | D:5      | Found a sparkling altar of Nemelex Xobeh.
  4096 | D:5      | Found an iron altar of Okawaru.
  4103 | D:5      | Noticed Sigmund
  4213 | D:5      | Killed Sigmund
  4213 | D:5      | Reached skill level 5 in Armour
  4213 | D:5      | Reached XP level 8. HP: 7/74 MP: 7/7
  4254 | D:5      | Reached skill level 8 in Fighting
  4880 | D:5      | Killed Prince Ribbit
  4880 | D:5      | Reached skill level 5 in Dodging
  5569 | D:6      | Noticed a two-headed ogre
  5576 | D:6      | Reached skill level 9 in Fighting
  5578 | D:6      | Killed a two-headed ogre
  5578 | D:6      | Reached XP level 9. HP: 54/83 MP: 8/8
  5579 | D:6      | Noticed Pikel
  5612 | D:6      | Killed Pikel
  5673 | D:6      | Found a burning altar of Makhleb.
  5786 | D:6      | Noticed Eustachio
  5813 | D:6      | Killed Eustachio
  6009 | D:6      | Found a stormy altar of Qazlal.
  6165 | D:7      | Reached skill level 10 in Fighting
  6185 | D:7      | HP: 1/85 [killer bee (6)]
  6186 | D:7      | Succumbed to a killer bee's poison

Vault maps used:
D:1:      mrwooster_arrival_statue_3
D:2:      yredelemnul_altar_generic, minivault_24, lemuel_flame_loot_1
D:3:      minmay_door_path, nicolae_overflow_hidden_temple, led_xom_imps
D:4:      serial_shops, nicolae_shop_trees, shop, shop_statue, shop_statue,
          johnstein_pakellas_shop
D:5:      kennysheep_mini, minmay_temple_entry_water_ring, serial_glass,
          glass_columns_a, glass_columns_a, glass_columns_a, glass_columns_c,
          first_bread, grunt_decor_cap, grunt_ministairs_4,
          nemelex_diamond_rough_becter, uniq_blork_the_orc, uniq_prince_ribbit1,
          uniq_sigmund
D:6:      lemuel_ice_spiral_2, lemuel_round_altar, kennysheep_mini_moat,
          uniq_eustachio, uniq_pikel
D:7:      grunt_temple_overflow_open, serial_shops, nicolae_shop_waterfront

Skill      XL: |  1  2  3  4  5  6  7  8  9 |
---------------+----------------------------+-----
Axes           | 4 5 6 7 8 9 |  9.9
Fighting       | 4 5 6 7 9 10 | 10.1
Armour         | 3 4 5 6 |  6.9
Dodging        | 3 4 5 6 |  6.3

Action                   |  1- 3 |  4- 6 |  7- 9 || total
-------------------------+-------+-------+-------++-------
Melee: Hand axe          |    55 |   136 |    54 ||   245
       Headbutt          |    11 |    27 |    34 ||    72
       War axe           |       |       |   143 ||   143
Invok: Berserk           |     1 |     2 |     3 ||     6
       Burn Spellbooks   |       |       |     1 ||     1
       Trog's Hand       |       |       |     5 ||     5
Evoke: Wand              |       |       |     4 ||     4
  Use: Scroll            |       |       |     5 ||     5
  Eat: Chunk             |     2 |     8 |    10 ||    20
       Meat ration       |       |       |     1 ||     1
Armor: Animal skin       |    14 |    14 |       ||    28
       Chain mail        |       |    40 |   140 ||   180
Dodge: Dodged            |    71 |    89 |   158 ||   318
